 Dungeon Crawl Stone Soup version 0.25.0-9-g26727b657a (webtiles) character file.

Game seed: 10646664689180052462

3713 hooliganve the Chopper (level 9, -7/80 HPs)
             Began as a Troll Berserker on June 19, 2020.
             Was an Elder of Trog.
             Mangled by an ancient zyme (12 damage)
             ... on level 1 of the Abyss on June 20, 2020.
             The game lasted 01:18:12 (8407 turns).

hooliganve the Chopper (Troll Berserker)            Turns: 8407, Time: 01:18:12

Health: -7/80      AC:  6    Str: 28    XL:     9   Next: 91%
Magic:  17/17      EV: 12    Int:  3    God:    Trog [****..]
Gold:   428        SH:  5    Dex:  9    Spells: 8/8 levels left

rFire    + . .     SeeInvis .   x - +2 hand axe of Contradiction {vamp, rPois}
rCold    . . .     Gourm    +   (no shield)
rNeg     . . .     Faith    .   a - +1 animal skin
rPois    +         Spirit   .   (helmet restricted)
rElec    .         Reflect  +   B - scarf {repulsion}
rCorr    .         Harm     .   (gloves unavailable)
MR       .....                  (boots unavailable)
Stlth    ++........             c - amulet of reflection
HPRegen  0.00/turn              f - ring of protection from fire
MPRegen  0.15/turn              p - ring of magical power

@: non-regenerating, diseased, repel missiles
A: large, unfitting armour, claws 3, blurry vision 1, deformed body, fast
metabolism 3, frail 1, gourmand, regeneration 1, shaggy fur 1, tough skin 3,
weak 1
a: Berserk, Trog's Hand, Brothers in Arms, Renounce Religion


You were on level 1 of the Abyss.
You worshipped Trog.
Trog was greatly pleased with you.
You were completely stuffed.

You visited 2 branches of the dungeon, and saw 9 of its levels.
You visited the Abyss 1 time.

You collected 428 gold pieces.

Inventory:

Hand Weapons
 j - a +1 dagger of holy wrath
 l - a +0 flail
 n - a +0 dagger of draining
 q - the +3 hand axe of Feheluxt {distort, *Contam Str+3 Int+4 SInv}
   (You took it off an orc on level 3 of the Dungeon)

   It warps and distorts space around it.
   Unwielding it can cause banishment or high damage.
   It affects your strength (+3).
   It affects your intelligence (+4).
   It lets you see invisible.
   It causes magical contamination when unequipped.
 r - a +0 short sword of electrocution
 x - the +2 hand axe of Contradiction (weapon) {vamp, rPois}
   (You found it on level 4 of the Dungeon)

   It inflicts no extra harm, but heals its wielder when it wounds a living foe.
   It protects you from poison.
 D - a +3 long sword of electrocution
Missiles
 d - 259 stones (quivered)
Armour
 a - a +1 animal skin (worn)
 B - a scarf of repulsion (worn)
Jewellery
 c - an amulet of reflection (around neck)
 f - a ring of protection from fire (left claw)
 p - a ring of magical power (right claw)
 C - an uncursed amulet of the acrobat {unknown}
Wands
 o - a wand of enslavement (10)
 s - a wand of iceblast (2)
 t - a wand of random effects (13)
 w - a wand of paralysis (24)
 y - a wand of acid (7)
Scrolls
 h - 4 scrolls of remove curse
 i - 6 scrolls of identify
 k - 2 scrolls of immolation
 u - 2 scrolls of teleportation
Potions
 e - 2 potions of ambrosia
 g - 3 potions of lignification
 m - 2 potions of cancellation
 v - a potion of brilliance
 z - a potion of heal wounds
 A - a potion of magic {unknown}
 F - 3 potions of degeneration {unknown}
Comestibles
 b - 20 rations
 E - a chunk of flesh


   Skills:
 + Level 5.8 Fighting
 + Level 2.1 Short Blades
 + Level 7.0(7.4) Axes
 + Level 4.0(6.3) Maces & Flails
 + Level 6.3 Dodging
 + Level 1.7 Stealth
 + Level 3.4 Unarmed Combat


You had 8 spell levels left.
You didn't know any spells.
Your spell library was empty.

Dungeon Overview and Level Annotations

Branches:
Dungeon (8/15)             Temple (1/1) D:7
   Lair: D:8-11

Altars:
Ashenzari
Cheibriados
Dithmenos
Elyvilon
Fedhas
Gozag
Hepliaklqana
Kikubaaqudgha
Makhleb
Nemelex Xobeh
Okawaru
Qazlal
Ru
Sif Muna
Trog
Uskayaw
Vehumet
Wu Jian
Xom
Yredelemnul
Zin
The Shining One
Beogh

Annotations:
D:8 Maggie


Innate Abilities, Weirdness & Mutations

You are too large for most types of armour.
You have claws for hands.
Your metabolism is lightning-fast.
You like to eat raw meat.
Your natural rate of healing is unusually fast.
You are covered in fur. (AC +1)
You have extremely tough skin. (AC +3)
Scrolls take you a little longer to read.
Armour fits poorly on your strangely shaped body.
You are frail. (-10% HP)
You are weak. (Str -2)


Message History

The ancient zyme hits you! x2
You hit the ancient zyme.
The ancient zyme is heavily damaged.
The ancient zyme hits you! x2
You hit the ancient zyme but do no damage.
The ancient zyme is heavily damaged.
You block the ancient zyme's attack. The ancient zyme hits you.
* * * LOW HITPOINT WARNING * * *
You feel ill.
You completely miss the ancient zyme.
The ancient zyme is heavily damaged.
A small abomination comes into view.
The ancient zyme hits you!
* * * LOW HITPOINT WARNING * * *
The ancient zyme hits you.
* * * LOW HITPOINT WARNING * * *
You hit the ancient zyme.
The ancient zyme is heavily damaged.
The ancient zyme hits you!
You die...

#. # ##..# ##$
#.... ..% .... .x.
#..##..##.. .. ..
##..##..##..## .##
. #.......... ..
... #.............
.. ##.@##.. #.. # #
#.x##..##..##. #
#............. ..
.. #......
......=.....
#.##..##..##..##..#
.. #.# #..##..# .
#..##.. #.. #....
.... . ... ... ..
#.... ...... .. .
#...# ....#.....# .


You could see an ancient zyme and a small abomination.

Vanquished Creatures
  Harold (D:7)
  2 yaks (D:7)
  2 hogs (D:7)
  A human (D:7)
  The ghost of StormphoenixUK the Cudgeler, an amateur DsAK of Lugonu (D:4)
  3 orc warriors
  3 ice beasts
  The ghost of Enish the Skirmisher, an amateur MiBe of Trog (D:3)
  A phantom (D:4)
  A bullfrog (D:4)
  4 scorpions
  6 killer bees (D:7)
  A howler monkey (D:6)
  A centaur zombie (D:7)
  A hound (D:7)
  2 jellies
  3 orc priests
  6 orc wizards
  Ijyb (D:5)
  2 iguanas
  6 worker ants
  A hound skeleton (D:6)
  6 adders
  3 shadow imps
  2 oozes
  2 adder zombies
  3 adder skeletons
  A worm (D:2)
  5 dart slugs
  8 leopard geckos
  27 orcs
  6 giant cockroaches
  10 goblins
  14 hobgoblins
  9 kobolds
  4 quokkas
  5 ball pythons
  4 bats
  4 frilled lizards
  2 leopard gecko skeletons
  5 rats
170 creatures vanquished.

Notes
Turn   | Place    | Note
-------+----------+-------------------------------------------
     0 | D:1      | hooliganve the Troll Berserker began the quest for the Orb.
     0 | D:1      | Reached XP level 1. HP: 22/22 MP: 0/0
   159 | D:1      | Reached XP level 2. HP: 29/29 MP: 1/1
   530 | D:1      | Reached XP level 3. HP: 36/36 MP: 2/2
   985 | D:2      | Reached ** piety under Trog
  1139 | D:2      | Reached XP level 4. HP: 44/45 MP: 3/3
  1212 | D:2      | Reached skill level 1 in Short Blades
  2411 | D:3      | Reached XP level 5. HP: 53/53 MP: 4/4
  2732 | D:3      | Found a runed translucent gate.
  2732 | D:3      | Identified the +3 hand axe of Feheluxt {distort, *Contam
                  | Str+3 Int+4 SInv}
  2732 | D:3      | Identified the +1 scale mail of Upuwny {Harm rF- Int+2}
  2732 | D:3      | Noticed Enish's ghost (amateur MiBe)
  2733 | D:3      | Found a runed translucent gate.
  2734 | D:3      | Found a roughly hewn altar of Beogh.
  2734 | D:3      | Found a runed translucent gate.
  2762 | D:3      | Killed Enish's ghost
  2762 | D:3      | Reached skill level 1 in Maces & Flails
  2773 | D:3      | Reached *** piety under Trog
  2869 | D:3      | Gained mutation: Scrolls take you a little longer to read.
                  | [mutagenic glow]
  2891 | D:3      | Gained mutation: You are weak. (Str -2) [mutagenic glow]
  3001 | D:4      | Gained mutation: Armour fits poorly on your strangely
                  | shaped body. [mutagenic glow]
  3083 | D:4      | Reached XP level 6. HP: 61/61 MP: 5/5
  3112 | D:4      | Found a sacrificial altar of Ru.
  3282 | D:4      | Found a runed translucent door.
  3282 | D:4      | Noticed StormphoenixUK's ghost (amateur DsAK)
  3371 | D:4      | Gained mutation: You are frail. (-10% HP) [mutagenic glow]
  3534 | D:4      | Reached XP level 7. HP: 60/60 MP: 6/6
  3916 | D:4      | Killed StormphoenixUK's ghost
  3916 | D:4      | Reached skill level 1 in Stealth
  3922 | D:4      | Got a twisted hand axe
  3970 | D:5      | Entered Level 5 of the Dungeon
  3978 | D:5      | Reached skill level 1 in Axes
  3980 | D:5      | Identified the +2 hand axe of Contradiction {vamp, rPois}
                  | (You found it on level 4 of the Dungeon)
  4059 | D:5      | Noticed Ijyb
  4072 | D:5      | Killed Ijyb
  4513 | D:5      | Found a glowing drain.
  4984 | D:6      | Reached skill level 2 in Axes
  4984 | D:6      | Reached XP level 8. HP: 64/70 MP: 7/7
  6158 | D:6      | Reached skill level 3 in Axes
  6160 | D:6      | Reached skill level 5 in Dodging
  6659 | D:7      | Reached skill level 4 in Axes
  6668 | D:7      | Reached skill level 5 in Axes
  6668 | D:7      | Reached XP level 9. HP: 12/78 MP: 8/8
  6805 | D:7      | Found a staircase to the Ecumenical Temple.
  6811 | Temple   | Entered the Ecumenical Temple
  7059 | D:7      | Reached **** piety under Trog
  7271 | D:7      | Reached skill level 5 in Fighting
  7536 | D:7      | Noticed Harold
  7558 | D:7      | Killed Harold
  7558 | D:7      | Reached skill level 6 in Axes
  8321 | D:8      | Reached skill level 7 in Axes
  8339 | D:8      | Noticed Maggie
  8352 | D:8      | Cast into level 1 of the Abyss (Maggie)
  8383 | Abyss:1  | Noticed a blizzard demon
  8393 | Abyss:1  | Noticed an ancient zyme
  8407 | Abyss:1  | Mangled by an ancient zyme

Illustrated notes

Levels and vault maps discovered:
D:1:      dpeg_arrival_leaves_temple_mockup, layout_basic
D:2:      layout_loops_ring
D:3:      corexii_shack_village, layout_basic, biasface_ghost_orc_armoury
D:4:      layout_gridville, kennysheep_mini, first_ration,
          ebering_ghost_inner_flame
D:5:      layout_loops_ring, portal_sewer_entry_f,
          minmay_misc_feat_four_crosses, uniq_ijyb
D:6:      layout_basic
D:7:      layout_loops_corners, minmay_temple_entry_enclosed_plants,
          grunt_livestock, uniq_harold
D:8:      layout_loops_corners, david_lair_generic, grunt_qazlal_sundering,
          uniq_maggie
Temple:   kilobyte_greek_temple
Abyss:1:  base:
D:6

Skill      XL: |  1  2  3  4  5  6  7  8  9 |
---------------+----------------------------+-----
Fighting       | 3 4 5 |  5.8
Dodging        | 3 4 5 6 |  6.3
Short Blades   | 1 2 |  2.1
Maces & Flails | 1 3 4 |  4.0
Stealth        | 1 |  1.7
Axes           | 2 5 7 |  7.0
Unarmed Combat | |  3.4

Action                   |  1- 3 |  4- 6 |  7- 9 || total
-------------------------+-------+-------+-------++-------
Melee: Unarmed           |    31 |       |       ||    31
       Dagger            |   125 |    91 |       ||   216
       Whip              |    12 |       |       ||    12
       Punch             |     1 |     2 |     8 ||    11
       Flail             |       |    82 |       ||    82
       Hand axe          |       |    26 |   384 ||   410
       Short sword       |       |    13 |    16 ||    29
Invok: Berserk           |     1 |     2 |     9 ||    12
  Use: Scroll            |     1 |     1 |     4 ||     6
       Potion            |       |     5 |     4 ||     9
 Stab: Sleeping          |     1 |       |       ||     1
       Distracted        |       |       |     1 ||     1
  Eat: Chunk             |    17 |    17 |    50 ||    84
       Ration            |       |       |     3 ||     3
Armor: Animal skin       |    59 |    67 |    82 ||   208
Dodge: Dodged            |    72 |    85 |   168 ||   325
       Repelled          |       |       |     2 ||     2
Block: Other             |    31 |    53 |    72 ||   156
